Unix NetHack Version 3.7.0-71 Work-in-progress - last build Jan 31 2023 02:41:03 (7ba98a1283f2b7cec35fde026edb48fc825ab8ae,branch:master). Game began 2023-02-04 16:51:48, ended 2023-02-04 17:07:55. Imanity, chaotic male elven Ranger --- --- |..-- - - --.--- --...| |.-- --.--|....------ --- -...-- |..-------...---.......... --..--...-- -...............>.----..... |..^.....| |..........-------------..... |.......- |..........| --.--..... --......| -----..--....- |............. ----...- --.---..--.|..| ----.............. --..| |...|.....---- |.................. |..---........- ###*...................- --...|.........-- ----...|...................| --...............| --.....-------^.......---.aa|.---...... ---......*.........-----......| --.......| --@%........... |........<.....................---- |..--..-- |............... |....^..........**....----........-- -------- |....--------... ---......---...........- ----......| -...| ... -----.-- --...---.....| --.|..-- |..- --- |..-- --....| ------ --- --- -.- Imanity the Lookout St:15 Dx:10 Co:16 In:13 Wi:15 Ch:9 Chaotic S:964 Dlvl:4 $:0 HP:0(33) Pw:34(34) AC:7 Xp:5/191 T:1833 Latest messages: What do you want to wield? [- a-drv or ?*] b You are already wielding that! What do you want to wield? [- a-drv or ?*] a a - a blessed +1 elven dagger (weapon in hand). b - a +1 elven bow (alternate weapon; not wielded). You miss the kobold lord. The kobold lord hits! You hit the kobold lord. The kobold lord hits! You hit the kobold lord. You hit the kobold lord. You hit the kobold lord. You kill the kobold lord! You see here a scroll labeled PRATYAVAYAH. N - a scroll labeled PRATYAVAYAH. What do you want to read? [N or ?*] ? What do you want to read? [N or ?*] Never mind. A rock piercer suddenly drops from the ceiling! You are hit by a falling rock piercer! What do you want to wield? [- a-drv or ?*] b b - a +1 elven bow (weapon in hand). a - a blessed +1 elven dagger (alternate weapon; not wielded). What do you want to ready? [- acdrv or ?*] ? c - 53 +2 elven arrows (in quiver). In what direction? 4 You shoot 3 elven arrows. The 1st elven arrow hits the wererat! You kill the wererat! c - a +2 elven arrow (in quiver) (51 in total). You see here 2 +2 elven arrows. c - 2 +2 elven arrows (in quiver) (53 in total). What do you want to ready? [- acdrv or ?*] r r - 43 arrows (in quiver). You stop waiting. The giant ant bites! In what direction? 7 You shoot 2 arrows. The 1st arrow misses the giant ant. The 2nd arrow hits the giant ant! The giant ant bites! The giant ant bites! You don't have anything to zap. What do you want to read? [N or ?*] Never mind. What do you want to drop? [a-fhoqrvxzHK-N or ?*] ? You drop a scroll labeled PRATYAVAYAH. The giant ant bites! You die... Do you want your possessions identified? [ynq] (y) q Inventory: Amulets z - a cursed amulet of restful sleep Weapons r - 41 blessed +1 arrows (in quiver) c - 53 +2 elven arrows d - 30 +0 elven arrows b - a +1 elven bow (weapon in hand) v - a blessed +1 dagger a - a blessed +1 elven dagger (alternate weapon; not wielded) Armor K - an uncursed +0 dwarvish iron helm L - an uncursed +0 pair of iron shoes x - an uncursed +0 dwarvish cloak M - a cursed -4 dwarvish cloak e - an uncursed +2 elven cloak (being worn) Comestibles q - 3 uncursed food rations f - 4 uncursed lembas wafers o - 2 uncursed tripe rations h - an uncursed lichen corpse Tools H - an uncursed tallow candle Imanity the Ranger's attributes: Background: You were a Lookout, a level 5 male elven Ranger. You were chaotic, on a mission for Mars who was opposed by Mercury (lawful) and Venus (neutral). You were in the Gnomish Mines, on level 4. You entered the dungeon 1833 turns ago. You had 191 experience points, 129 more were needed to attain level 6. Your score was 964 before end-of-game adjustments. Basics: You had 0 out of 33 hit points. You had all 34 energy points (spell power). Your armor class was 7. Your wallet was empty. Autopickup was off. Final Characteristics: Your strength was 15 (limit:18). Your dexterity was 10 (limit:18). Your constitution was 16 (limit:16). Your intelligence was 13 (limit:20). Your wisdom was 15 (limit:20). Your charisma was 9 (limit:18). Final Status: You were not hungry. You were unencumbered. You were wielding a bow. You had basic skill with bow. Final Attributes: You were devoutly aligned. You were sleep resistant. You had automatic searching. You had infravision. You were stealthy. You were warded. You are dead. Miscellaneous: You disabled loading of bones levels. Total elapsed playing time was 16 minutes and 7 seconds. Major events: Turn 1: Imanity the chaotic male elven Ranger entered the dungeon 986: attained the rank of Lookout (level 3) 1037: entered the Gnomish Mines 1833: killed by a giant ant Vanquished creatures: a shrieker 2 gnome leaders a gnomish wizard a little dog 2 dwarves a kobold leader a wererat a hobbit 2 manes 2 giant rats 7 gnomes a gnome zombie 2 geckos 6 jackals 2 foxes a kobold a goblin a sewer rat 6 grid bugs 2 bats 5 lichens 3 newts 51 creatures vanquished. No species were genocided or became extinct. Voluntary challenges: You were illiterate. You never engraved Elbereth. You never genocided any monsters. You never polymorphed an object. You never changed form. You used no wishes. Achievements: You attained the rank of Lookout. You entered the Gnomish Mines. The Dungeons of Doom: levels 1 to 4 Level 1: A grave. Level 2: Level 3: "vault" Stairs down to The Gnomish Mines. Level 4: The Gnomish Mines: levels 4 to 5 Level 4: <- You were here. Final resting place for you, killed by a giant ant. Level 5: Game over: ---------- / \ / REST \ / IN \ / PEACE \ / \ | Imanity | | 0 Au | | killed by a | | giant ant | | | | | | 2023 | *| * * * | * _________)/\\_//(\/(/\)/\//\/|_)_______ Goodbye Imanity the Ranger... You died in The Gnomish Mines on dungeon level 4 with 964 points, and 0 pieces of gold, after 1833 moves. You were level 5 with a maximum of 33 hit points when you died.